 Dungeon Crawl Stone Soup version 0.31-a0-1424-g2add1c7226 (webtiles) character file.

Game seed: 16433847288464238111

1349 jlumianski the Ruffian (level 8, -4/61 HPs)
             Began as a Gnoll Shapeshifter on Dec 26, 2023.
             Killed by divine providence
             ... invoked by an orc priest
              (11 damage)
             ... on level 6 of the Dungeon on Dec 27, 2023.
             The game lasted 00:22:16 (5433 turns).

jlumianski the Ruffian (Gnoll Shapeshifter)         Turns: 5433, Time: 00:22:17

Health: -4/61      AC:  3    Str: 13    XL:     8   Next: 63%
Magic:  13/13      EV: 32    Int: 19    God:
Gold:   160        SH:  0    Dex:  9    Spells: 10/14 levels left

rFire   . .          .
                       - Unarmed
rCold   . . .        (shield currently unavailable)
rNeg    . . .        i - melded +0 plate armour
rPois   .            k - +1 helmet "Wilacuruu" {rCorr}
rElec   .            j - +0 cloak
rCorr   +            (no gloves)
SInv    .            (no boots)
Will    .....        A - amulet of the acrobat
Stlth   +            q - ring of resist corrosion
HPRegen 0.30/turn    (no ring)
MPRegen 0.13/turn

%: acrobat
@: flux-form, acrobatic, glowing
A: glow, contaminating, fangs 1, strong nose, distributed training, clever 2
a: Begin Untransformation


You were on level 6 of the Dungeon.
You were something dangerously unstable.
You visited 1 branch of the dungeon, and saw 6 of its levels.
You also visited: Sewer.

You collected 160 gold pieces.

Inventory:

Hand Weapons
 g - a +0 orcbow
 y - the +1 spear "Depufyop" {flame, Dex+6}
   (You took it off an orc on level 3 of the Dungeon)

   Dex+6:     It affects your dexterity (+6).
 C - a +1 vampiric spear
Missiles
 f - 22 poisoned darts (quivered)
 l - 8 boomerangs
 n - 6 curare-tipped darts
Armour
 a - a +0 animal skin
 e - a +0 ring mail
 i - a +0 plate armour (melded)
 j - a +0 cloak (worn)
 k - the +1 helmet "Wilacuruu" (worn) {rCorr}
   (You found it on level 2 of the Dungeon)

   rCorr:     It protects you from acid and corrosion.
Jewellery
 m - an amulet of magic regeneration
 q - a ring of resist corrosion (left hand)
 x - an amulet of faith
 A - an amulet of the acrobat (around neck)
Talismans
 c - a beast talisman
 d - a flux talisman (active)
Wands
 z - a wand of mindburst (6)
Scrolls
 h - a scroll of fog
 o - 4 scrolls of teleportation
 r - a scroll of silence
 t - 2 scrolls of noise
 u - 2 scrolls of blinking
Potions
 b - a potion of lignification
 p - 2 potions of heal wounds
 s - a potion of mutation
 v - 2 potions of invisibility
 w - 2 potions of curing
 B - a potion of attraction
 E - a potion of berserk rage {unknown}


   Skills:
 + Level 4.4 Fighting
 + Level 3.5 Short Blades
 + Level 3.5 Long Blades
 + Level 3.5 Axes
 + Level 3.5 Maces & Flails
 + Level 3.5 Polearms
 + Level 3.5 Staves
 + Level 3.5 Ranged Weapons
 + Level 3.5 Throwing
 + Level 3.5 Armour
 + Level 5.9 Dodging
 + Level 3.5 Stealth
 + Level 3.5 Shields
 + Level 7.5 Unarmed Combat
 + Level 3.5 Spellcasting
 + Level 2.9 Conjurations
 + Level 2.9 Hexes
 + Level 2.9 Summonings
 + Level 2.9 Necromancy
 + Level 2.9 Translocations
 + Level 2.9 Fire Magic
 + Level 2.9 Ice Magic
 + Level 2.9 Air Magic
 + Level 2.9 Earth Magic
 + Level 2.9 Alchemy
 + Level 3.9 Invocations
 + Level 3.5 Evocations
 + Level 7.3 Shapeshifting


You had 10 spell levels left.
You knew the following spells:

 Your Spells              Type           Power      Damage    Failure   Level
a - Cigotuvi's Dreadful   Necr/Alch/Air  28%        N/A       6%          2
b - Static Discharge      Conj/Air       28%        3-5/arc   6%          2

Your spell library contained the following spells:

 Spells                   Type           Power      Damage    Failure   Level
 Airstrike                Air            7%         2d(1-17)  38%         4
 Ignite Poison            Fire/Alch      14%        N/A       38%         4
 Summon Lightning Spire   Summ/Air       14%        N/A       38%         4
 Freezing Cloud           Conj/Ice/Air   7%         6-21      75%         5


Dungeon Overview and Level Annotations

Branches:
Dungeon (6/15)              Sewer (visited)
 Temple: D:4-7

Altars:
Ashenzari
Hepliaklqana


Innate Abilities, Weirdness & Mutations

You are something dangerously unstable.
You glow with magical radiation, making you easy to see and hit.
Foes you strike become dangerously contaminated with magical radiation.
You are incapable of wielding weapons or throwing items.
You have very sharp teeth.
Your uncanny sense of smell can sniff out nearby items.
Your experience applies equally to all skills.
Your mind is very acute. (Int +8, Str/Dex -2)


Message History

The orc priest casts a cantrip, but nothing happens.
You hit the orc priest but do no damage.
The orc priest shudders as magic cascades through it!
You kill the orc priest!
You hit the orc.
The orc begins to glow.
The orc is moderately wounded.
An orc comes into view.
It is wielding a +2 flail of holy wrath.
The orc completely misses you.
The orc shouts!
You punch the orc!
You kill the orc!
You hit the orc.
The orc begins to glow.
The orc is almost dead.
You hit the orc but do no damage.
The orc glows dangerously bright.
The orc is almost dead.
An orc priest comes into view. It is wielding a +0 whip.
An orc comes into view. It is wielding a +0 war axe.
The orc closely misses you.
You barely miss the orc.
The orc is severely wounded.
The orc closely misses you.
You hit the orc but do no damage.
The orc shudders as magic cascades through it.
The orc twists and deforms.
Your bite misses the orc.
The orc is almost dead.
The orc priest invokes the aid of Beogh against you.
Beogh smites you!
* * * LOW HITPOINT WARNING * * *
The orc hits you with a +0 dagger.
* * * LOW HITPOINT WARNING * * *
You hit the orc but do no damage.
The orc begins to glow.
The orc is almost dead.
The orc completely misses you.
You see here 4 stones.
The orc priest mumbles some strange prayers to Beogh against you.
Beogh smites you!
* * * LOW HITPOINT WARNING * * *
The orc priest calls down the wrath of Beogh upon you.
Beogh smites you!
You die...

###########
#....<)...# ∆
##.#######.#
##.#####p#.#
#..o))oo###.#
....o#####.#
## ..# #.# ##


You could see an orc priest and 3 orcs.

Vanquished Creatures
  Eustachio (D:4)
  The ghost of Curundu the Slasher, an amateur MiBe of Trog (D:3)
  2 centaurs
  A phantom (D:5)
  3 kobold brigands (Sewer)
  A gnoll sergeant (D:4)
  2 bombardier beetles
  An orc priest (D:6)
  3 iguanas
  A sleepcap (D:5)
  2 orc wizards
  9 gnolls
  11 adders
  3 river rats (D:4)
  4 worms
  4 dart slugs
  22 orcs
  5 bats
  9 endoplasms
  2 giant cockroaches
  6 goblins
  7 hobgoblins
  2 jackals (D:1)
  6 quokkas
  6 ball pythons
  4 frilled lizards
  8 kobolds
  15 rats
141 creatures vanquished.

Notes
Turn   | Place    | Note
-------+----------+-------------------------------------------
     0 | D:1      | jlumianski the Gnoll Shapeshifter began the quest for the
                  | Orb.
     0 | D:1      | Reached XP level 1. HP: 17/17 MP: 1/1
   148 | D:2      | Reached XP level 2. HP: 21/23 MP: 2/2
   191 | D:2      | Found a faded altar of an unknown god.
   238 | D:2      | Reached XP level 3. HP: 28/28 MP: 3/3
   270 | D:2      | Identified the +1 helmet "Wilacuruu" {rCorr}
   412 | D:1      | Reached skill level 1 in Invocations
  1102 | D:2      | Reached skill level 1 in Short Blades
  1102 | D:2      | Reached skill level 1 in Long Blades
  1102 | D:2      | Reached skill level 1 in Axes
  1102 | D:2      | Reached skill level 1 in Maces & Flails
  1102 | D:2      | Reached skill level 1 in Polearms
  1102 | D:2      | Reached skill level 1 in Staves
  1102 | D:2      | Reached skill level 1 in Ranged Weapons
  1102 | D:2      | Reached skill level 1 in Throwing
  1102 | D:2      | Reached skill level 1 in Armour
  1102 | D:2      | Reached skill level 1 in Stealth
  1102 | D:2      | Reached skill level 1 in Shields
  1102 | D:2      | Reached skill level 1 in Spellcasting
  1102 | D:2      | Reached skill level 1 in Evocations
  1158 | D:2      | Reached XP level 4. HP: 25/34 MP: 5/5
  1207 | D:3      | Reached skill level 1 in Conjurations
  1207 | D:3      | Reached skill level 1 in Hexes
  1207 | D:3      | Reached skill level 1 in Summonings
  1207 | D:3      | Reached skill level 1 in Necromancy
  1207 | D:3      | Reached skill level 1 in Translocations
  1207 | D:3      | Reached skill level 1 in Fire Magic
  1207 | D:3      | Reached skill level 1 in Ice Magic
  1207 | D:3      | Reached skill level 1 in Air Magic
  1207 | D:3      | Reached skill level 1 in Earth Magic
  1207 | D:3      | Reached skill level 1 in Alchemy
  1379 | D:3      | Reached XP level 5. HP: 9/40 MP: 5/7
  1803 | D:4      | Noticed a centaur
  1811 | D:4      | Killed a centaur
  1938 | D:4      | Reached XP level 6. HP: 41/47 MP: 8/8
  1988 | D:4      | Reached skill level 5 in Dodging
  2099 | D:4      | Found a glowing drain.
  2156 | Sewer    | Entered a sewer
  2480 | Sewer    | Reached XP level 7. HP: 27/52 MP: 10/10
  2850 | Sewer    | Gained mutation: Your mind is acute. (Int +4, Str/Dex -1)
                  | [potion of mutation]
  2850 | Sewer    | Gained mutation: Your mind is very acute. (Int +8, Str/Dex
                  | -2) [potion of mutation]
  2912 | D:3      | Found a hazy altar of Hepliaklqana.
  3094 | D:3      | HP: 2/53 [burnt (4)]
  3102 | D:3      | HP: 1/53 [burnt (6)]
  3254 | D:3      | Identified the +1 spear "Depufyop" {flame, Dex+6}
  3255 | D:3      | Found a runed translucent gate.
  3255 | D:3      | Found a runed translucent gate.
  3255 | D:3      | Noticed Curundu's ghost (amateur MiBe)
  3257 | D:3      | Found a runed translucent gate.
  3288 | D:3      | Learned a level 2 spell: Cigotuvi's Dreadful Rot
  3291 | D:3      | Learned a level 2 spell: Static Discharge
  3811 | D:3      | Killed Curundu's ghost
  4250 | D:5      | Entered Level 5 of the Dungeon
  4259 | D:4      | Noticed Eustachio
  4307 | D:4      | Killed Eustachio
  4308 | D:4      | Reached XP level 8. HP: 59/60 MP: 12/12
  4354 | D:5      | Found a broken altar of Ashenzari.
  5433 | D:6      | Killed from afar by an orc priest

Illustrated notes

Levels and vault maps discovered:
D:1:      dpeg_arrival_round_a, layout_loops_cross,
          chequers_serial_rivers_small_3
D:2:      layout_rooms, hellmonk_ecumenical_altar_heavens_door
D:3:      layout_loops_ring, nicolae_hepliaklqana_hippocampus,
          biasface_ghost_orc_armoury
D:4:      layout_loops_ring, lightli_sewer_entry_pipes, uniq_eustachio
D:5:      layout_loops_ring, nicolae_ashenzari_panopticon,
          mainiacjoe_overflow_tiny_flanked
D:6:      layout_loops_ring, mainiacjoe_overflow_24_doors, temple_doors_cd,
          gammafunk_ghost_cemetery, uniq_pikel

Skill      XL: |  1  2  3  4  5  6  7 |
---------------+----------------------+-----
Invocations    | 1 2 3 |  3.9
Short Blades   | 1 2 3 |  3.5
Long Blades    | 1 2 3 |  3.5
Axes           | 1 2 3 |  3.5
Maces & Flails | 1 2 3 |  3.5
Polearms       | 1 2 3 |  3.5
Staves         | 1 2 3 |  3.5
Ranged Weapons | 1 2 3 |  3.5
Throwing       | 1 2 3 |  3.5
Armour         | 1 2 3 |  3.5
Stealth        | 1 2 3 |  3.5
Shields        | 1 2 3 |  3.5
Spellcasting   | 1 2 3 |  3.5
Evocations     | 1 2 3 |  3.5
Conjurations   | 1 2 |  2.9
Hexes          | 1 2 |  2.9
Summonings     | 1 2 |  2.9
Necromancy     | 1 2 |  2.9
Translocations | 1 2 |  2.9
Fire Magic     | 1 2 |  2.9
Ice Magic      | 1 2 |  2.9
Air Magic      | 1 2 |  2.9
Earth Magic    | 1 2 |  2.9
Alchemy        | 1 2 |  2.9
Fighting       | 3 4 |  4.4
Dodging        | 5 |  5.9
Unarmed Combat | 7 |  7.5
Shapeshifting  | 7 |  7.3

Action                     |  1- 3 |  4- 6 |  7- 9 || total
---------------------------+-------+-------+-------++-------
  Melee: Unarmed           |    65 |   145 |   259 ||   469
         Bite              |     4 |    14 |    41 ||    59
         Punch             |       |     3 |     4 ||     7
  Throw: Dart              |       |     3 |       ||     3
   Cast: Cigotuvi's Dreadf |       |       |     1 ||     1
    Use: Scroll            |       |     3 |     6 ||     9
         Potion            |       |       |     5 ||     5
   Stab: Sleeping          |     1 |       |     1 ||     2
 Armour: Animal skin       |    23 |       |       ||    23
         Ring mail         |     7 |    98 |    19 ||   124
         Skin              |       |       |    47 ||    47
         Plate armour      |       |       |     8 ||     8
  Dodge: Dodged            |    48 |    82 |   165 ||   295
   Form: Flux              |       |       |     1 ||     1

Table legend: (Time is in decaauts)
 A = Elapsed time spent in this place.
 B = Non-inter-level travel time spent in this place.
 C = Inter-level travel time spent in this place.
 D = Time resting spent in this place.
 E = Time spent auto-exploring this place.
 F = Levels seen in this place.
 G = Mean time per level.
                   A        B        C        D        E       F      G
               +--------+--------+--------+--------+--------+-----+--------+
         Total |   5526 |   5348 |    178 |    999 |   2191 |   7 |  789.4 |
       Dungeon |   4748 |   4570 |    178 |    712 |   2038 |   6 |  791.3 |
         Sewer |    778 |    778 |      0 |    287 |    152 |   1 |  778.0 |
               +--------+--------+--------+--------+--------+-----+--------+

Top non-repeatable levels by time:
     D:3: 1547 daAuts
     D:4: 1324 daAuts
     D:1: 834 daAuts
   Sewer: 778 daAuts
     D:2: 659 daAuts
     D:5: 348 daAuts
     D:6: 34 daAuts
